Map: El Dorado

Players

wootwoot - Winner!

  • Race: Protoss Protoss
  • League: Diamond
  • Spawn Location: 5:00

Obshort

  • Race: Zerg Zerg
  • League: Diamond
  • Spawn Location: 7:00

VOD

Have the link to the VOD?

Description

Time

  • Played on: April 22, 2025, 9:41 a.m.
  • Length: 2:24
Show
View Real Time Build Order
Export as new Build Order

wootwoot Protoss - Winner!

Build Orders:  

Get SALT Encoding   

  12  0:00  Probe  
  13  0:12  Probe  
  14  0:19  Pylon  
  14  0:24  Probe  
  15  0:33  Probe  
  15  0:41  Probe  
  16  0:44  Gateway  
  17  0:52  Probe  
  18  1:04  Gateway  
  18  1:06  Pylon  
  18  1:16  Assimilator  
  18  1:18  Assimilator  
  18  1:22  Zealot  
  20  1:41  Pylon  
  21  1:48  Zealot  
  21  1:51  Zealot  
Show
View Real Time Build Order
Export as new Build Order

Obshort Zerg 

Build Orders: Pool Only 

Get SALT Encoding   

  12  0:19  Spawning Pool  
  11  0:23  Drone  
  11  0:27  Drone  
  13  0:32  Drone  
  14  0:41  Overlord  
  14  1:06  Zergling x4  
  14  1:10  Zergling x2  
  17  1:27  Zergling x2  
  18  1:40  Zergling x2  
  18  1:42  Zergling x2  
  20  2:03  Zergling x2  
  20  2:04  Zergling x2  
Tags
 
Matchup
PvZ
Opening
Pool Only
Replay Pack
#1B2M-Replays
Spawn Locations
Close Positions
Add a new tag
Caveats
  • Supply blocks, unpowered buildings, or Contaminate may cause inaccurate times.
  • Supply counts are checked every 10 seconds.